 Dungeon Crawl Stone Soup version 0.27-a0-1502-g47ed6a6988 (webtiles) character file.

Game seed: 15124934044257202054

760 funkygono the Ducker (level 7, -1/56 HPs)
             Began as a Gnoll Gladiator on July 8, 2021.
             Was an Initiate of Okawaru.
             Slain by Duvessa (3 damage)
             ... on level 4 of the Dungeon.
             The game lasted 00:08:15 (4764 turns).

funkygono the Ducker (Gnoll Gladiator)              Turns: 4764, Time: 00:08:16

Health: -1/56      AC:  6    Str: 15    XL:     7   Next: 80%
Magic:  10/11      EV: 12    Int:  8    God:    Okawaru [......]
Gold:   201        SH:  0    Dex: 13    Spells: 10/11 levels left

rFire    x . .     SeeInvis .   a - +0 long sword
rCold    + . .     Faith    .   (no shield)
rNeg     . . .     Spirit   .   h - +0 scale mail
rPois    .         Reflect  .   (helmet currently unavailable)
rElec    .         Harm     .   (no cloak)
rCorr    .         Rampage  .   (no gloves)
Will     .....                  (boots currently unavailable)
Stlth    +.........             (no amulet)
HPRegen  0.18/turn              q - ring of ice
MPRegen  0.12/turn              r - ring of wizardry

@: appendages (expiring)
A: horns 2, talons 2, fangs 1, strong nose, distributed training
a: End Transformation, Renounce Religion


You were on level 4 of the Dungeon.
You worshipped Okawaru.
Okawaru was noncommittal.
You had temporarily grown beastly horns and talons.
You visited 2 branches of the dungeon, and saw 5 of its levels.
You also visited: Sewer.

You collected 201 gold pieces.

Inventory:

Hand Weapons
 a - a +0 long sword (weapon)
Missiles
 l - 46 arrows
 s - 5 boomerangs (quivered)
Armour
 b - a +0 leather armour
 e - a +0 ring mail
 h - a +0 scale mail (worn)
 i - a +2 helmet (melded)
 o - a +0 pair of boots
Jewellery
 q - a ring of ice (left hand)
 r - a ring of wizardry (right hand)
Wands
 p - a wand of charming (9)
Scrolls
 d - a scroll of amnesia
 g - a scroll of enchant armour
 m - 6 scrolls of teleportation
Potions
 c - a potion of curing
 f - 3 potions of attraction {unknown}
 j - a potion of degeneration {unknown}
 k - a potion of might {unknown}
 n - 4 potions of flight
 t - a potion of heal wounds {unknown}


   Skills:
 + Level 5.3 Fighting
 + Level 2.7 Short Blades
 + Level 7.1 Long Blades
 + Level 2.7 Axes
 + Level 2.7 Maces & Flails
 + Level 2.7 Polearms
 + Level 2.7 Staves
 + Level 2.7 Slings
 + Level 2.7 Bows
 + Level 2.7 Crossbows
 + Level 5.3 Throwing
 + Level 2.7 Armour
 + Level 7.1 Dodging
 + Level 2.7 Stealth
 + Level 2.7 Shields
 + Level 2.7 Unarmed Combat
 + Level 2.7 Spellcasting
 + Level 2.2 Conjurations
 + Level 2.2 Hexes
 + Level 2.2 Summonings
 + Level 2.2 Necromancy
 + Level 2.2 Translocations
 + Level 2.2 Transmutations
 + Level 2.2 Fire Magic
 + Level 2.2 Ice Magic
 + Level 2.2 Air Magic
 + Level 2.2 Earth Magic
 + Level 2.2 Poison Magic
 + Level 3.0 Invocations
 + Level 2.7 Evocations


You had 10 spell levels left.
You knew the following spells:

 Your Spells              Type           Power      Damage    Failure   Level
a - Beastly Appendage     Tmut           8%         N/A       21%         1

Your spell library contained the following spells:

 Spells                   Type           Power      Damage    Failure   Level
 Freeze                   Ice            24%        1d5       21%         1
 Wereblood                Tmut           4%         N/A       30%         2
 Frozen Ramparts          Ice            12%        1d3       50%         3
 Spider Form              Tmut/Pois      2%         N/A       50%         3
 Hailstorm                Conj/Ice       6%         3d4       87%         4


Dungeon Overview and Level Annotations

Branches:
Dungeon (4/15)             Temple (1/1) D:4           Sewer (visited)

Altars:
Ashenzari
Cheibriados
Dithmenos
Elyvilon
Fedhas
Gozag
Hepliaklqana
Kikubaaqudgha
Makhleb
Nemelex Xobeh
Okawaru
Qazlal
Ru
Sif Muna
Trog
Uskayaw
Vehumet
Wu Jian
Xom
Yredelemnul
Zin
The Shining One

Annotations:
D:4 Duvessa


Innate Abilities, Weirdness & Mutations

You have temporarily grown beastly horns and talons.
You have very sharp teeth.
Your uncanny sense of smell can sniff out nearby items.
Your experience applies equally to all skills.


Message History

Your horns disappear.
Your talons disappear.
Your +2 helmet unmelds from your body.
Your Invocations skill increases to level 3!
Things that are here:
a +3 short sword; 6 poisoned darts; a kobold corpse Magic restored.
Duvessa, Sister of Dowan comes into view.
She is wielding a +0 short sword.
Duvessa goes berserk!
Casting: Beastly Appendage (safe; 21% risk of failure)
Confirm with . or Enter, or press ? or * to list all spells.
You grow a pair of large bovine horns.
Your feet morph into talons.
Your +2 helmet melds into your body.
Duvessa barely misses you.
You riposte.
You slash Duvessa! You claw Duvessa.
Duvessa is moderately wounded.
Your scale mail prevents you from hitting Duvessa.
Your bite misses Duvessa.
Duvessa is moderately wounded.
Your transformation is almost over.
Duvessa misses you. Duvessa hits you with a +0 short sword!
You hit Duvessa but do no damage. Your kick misses Duvessa.
You bite Duvessa, but do no damage.
Duvessa is moderately wounded.
Duvessa hits you with a +0 short sword! x2
You slash Duvessa! Your headbutt misses Duvessa. You bite Duvessa.
Duvessa is moderately wounded.
Duvessa hits you with a +0 short sword!
* * * LOW HITPOINT WARNING * * *
You slash Duvessa! You headbutt Duvessa.
Duvessa is heavily wounded.
Duvessa hits you with a +0 short sword!
* * * LOW HITPOINT WARNING * * *
Duvessa closely misses you.
You riposte.
You slash Duvessa! You claw Duvessa.
Duvessa is almost dead.
You hit Duvessa but do no damage. You claw Duvessa, but do no damage.
Duvessa is almost dead.
Duvessa closely misses you.
You riposte.
You slash Duvessa! Your kick misses Duvessa.
Duvessa is almost dead.
Duvessa hits you with a +0 short sword.
You die...

#................##..........#
#########........##..........#
#####............##.....######
#.....###........#....#.#
..##### ########...#.##.# .##
# ##......##.##.# .....###
#..####.#..##.#
####...####.####e...###.#
............##..@### #.#
#..##.......##...# #.#
.................# #.#
.................# #.#
...............### #.#
.....#......#### #.#
............# #.#
............# #.#
..<.........#### #.#


You could see Duvessa (berserk).

Vanquished Creatures
  Sigmund (D:3)
  A water moccasin (D:4)
  A sky beast (D:3)
  A necrophage (D:4)
  A kobold brigand (D:4)
  Dowan (D:4)
  A jelly (D:4)
  An orc priest (D:4)
  4 adders
  5 worms
  A dart slug (D:1)
  9 orcs
  9 endoplasms
  3 giant cockroaches
  5 goblins
  10 hobgoblins
  4 jackals (Sewer)
  7 kobolds
  A quokka (Sewer)
  2 ball pythons
  7 bats (Sewer)
  5 frilled lizards
  9 rats
89 creatures vanquished.

Vanquished Creatures (collateral kills)
  An endoplasm (Sewer)
1 creature vanquished.

Grand Total: 90 creatures vanquished

Notes
Turn   | Place    | Note
-------+----------+-------------------------------------------
     0 | D:1      | funkygono the Gnoll Gladiator began the quest for the Orb.
     0 | D:1      | Reached XP level 1. HP: 20/20 MP: 1/1
   149 | D:1      | Reached XP level 2. HP: 26/26 MP: 2/2
   468 | D:1      | Reached XP level 3. HP: 28/31 MP: 3/3
   569 | D:1      | Found a faded altar of an unknown god.
   870 | D:2      | Found a radiant altar of Vehumet.
  1318 | D:2      | Reached skill level 1 in Invocations
  1985 | D:3      | Reached skill level 1 in Short Blades
  1985 | D:3      | Reached skill level 1 in Axes
  1985 | D:3      | Reached skill level 1 in Maces & Flails
  1985 | D:3      | Reached skill level 1 in Polearms
  1985 | D:3      | Reached skill level 1 in Staves
  1985 | D:3      | Reached skill level 1 in Slings
  1985 | D:3      | Reached skill level 1 in Bows
  1985 | D:3      | Reached skill level 1 in Crossbows
  1985 | D:3      | Reached skill level 1 in Armour
  1985 | D:3      | Reached skill level 1 in Stealth
  1985 | D:3      | Reached skill level 1 in Shields
  1985 | D:3      | Reached skill level 1 in Unarmed Combat
  1985 | D:3      | Reached skill level 1 in Spellcasting
  1985 | D:3      | Reached skill level 1 in Evocations
  1993 | D:3      | Noticed a sky beast
  2013 | D:3      | Killed a sky beast
  2014 | D:3      | Reached skill level 1 in Conjurations
  2014 | D:3      | Reached skill level 1 in Hexes
  2014 | D:3      | Reached skill level 1 in Summonings
  2014 | D:3      | Reached skill level 1 in Necromancy
  2014 | D:3      | Reached skill level 1 in Translocations
  2014 | D:3      | Reached skill level 1 in Transmutations
  2014 | D:3      | Reached skill level 1 in Fire Magic
  2014 | D:3      | Reached skill level 1 in Ice Magic
  2014 | D:3      | Reached skill level 1 in Air Magic
  2014 | D:3      | Reached skill level 1 in Earth Magic
  2014 | D:3      | Reached skill level 1 in Poison Magic
  2014 | D:3      | Reached XP level 4. HP: 15/38 MP: 4/6
  2014 | D:3      | Reached XP level 5. HP: 16/43 MP: 4/7
  2357 | D:3      | Noticed Sigmund
  2387 | D:3      | Killed Sigmund
  2388 | D:3      | Reached skill level 5 in Fighting
  2388 | D:3      | Reached skill level 5 in Throwing
  2388 | D:3      | Reached XP level 6. HP: 37/51 MP: 7/9
  2440 | D:3      | Found a glowing drain.
  2455 | Sewer    | Entered a sewer
  3597 | D:3      | Learned a level 1 spell: Beastly Appendage
  3851 | D:4      | Noticed a necrophage
  3853 | D:4      | Reached XP level 7. HP: 56/56 MP: 10/10
  4223 | D:4      | Found a stormy altar of Qazlal.
  4295 | D:4      | Found a staircase to the Ecumenical Temple.
  4296 | D:4      | Noticed Dowan
  4308 | D:4      | Killed Dowan
  4317 | Temple   | Entered the Ecumenical Temple
  4421 | Temple   | Became a worshipper of Warmaster Okawaru
  4757 | D:4      | Noticed Duvessa
  4763 | D:4      | HP: 1/56 [Duvessa (14)]
  4764 | D:4      | Slain by Duvessa

Illustrated notes

Levels and vault maps discovered:
D:1:      dpeg_arrival_tiny_k, layout_loops_ring,
          shapermc_ecumenical_altar_mp_vishouse
D:2:      layout_basic, serial_glass, glass_columns_a, glass_columns_a,
          basic_altar
D:3:      layout_basic, cheibrodos_sewer_entry_bend, uniq_sigmund
D:4:      layout_rooms, grunt_qazlal_clouds, temple_green,
          roderic_roman_lattice, uniq_duvessa
Temple:   kilobyte_greek_temple

Skill      XL: |  1  2  3  4  5  6  7 |
---------------+----------------------+-----
Invocations    | 1 2 3 |  3.0
Short Blades   | 1 2 |  2.7
Axes           | 1 2 |  2.7
Maces & Flails | 1 2 |  2.7
Polearms       | 1 2 |  2.7
Staves         | 1 2 |  2.7
Slings         | 1 2 |  2.7
Bows           | 1 2 |  2.7
Crossbows      | 1 2 |  2.7
Armour         | 1 2 |  2.7
Stealth        | 1 2 |  2.7
Shields        | 1 2 |  2.7
Unarmed Combat | 1 2 |  2.7
Spellcasting   | 1 2 |  2.7
Evocations     | 1 2 |  2.7
Conjurations   | 1 2 |  2.2
Hexes          | 1 2 |  2.2
Summonings     | 1 2 |  2.2
Necromancy     | 1 2 |  2.2
Translocations | 1 2 |  2.2
Transmutations | 1 2 |  2.2
Fire Magic     | 1 2 |  2.2
Ice Magic      | 1 2 |  2.2
Air Magic      | 1 2 |  2.2
Earth Magic    | 1 2 |  2.2
Poison Magic   | 1 2 |  2.2
Fighting       | 5 |  5.3
Throwing       | 5 |  5.3
Long Blades    | 7 |  7.1
Dodging        | 7 |  7.1

Action                   |  1- 3 |  4- 6 |  7- 9 || total
-------------------------+-------+-------+-------++-------
Melee: Long sword        |    97 |   130 |    72 ||   299
       Bite              |     5 |    23 |     6 ||    34
       Punch             |     1 |     1 |       ||     2
       Kick              |       |       |    11 ||    11
       Headbutt          |       |       |     6 ||     6
Throw: Throwing net      |       |     3 |       ||     3
 Cast: Beastly Appendage |       |       |     5 ||     5
  Use: Scroll            |     3 |     8 |       ||    11
       Potion            |       |       |     1 ||     1
Armor: Leather armour    |     4 |       |       ||     4
       Ring mail         |     3 |       |       ||     3
       Scale mail        |    23 |    75 |    29 ||   127
Dodge: Dodged            |    51 |    85 |    43 ||   179
       Rpst.: Long sword |    16 |    29 |    11 ||    56

Table legend: (Time is in decaauts)
 A = Elapsed time spent in this place.
 B = Non-inter-level travel time spent in this place.
 C = Inter-level travel time spent in this place.
 D = Time resting spent in this place.
 E = Time spent auto-exploring this place.
 F = Levels seen in this place.
 G = Mean time per level.
                   A        B        C        D        E       F      G
               +--------+--------+--------+--------+--------+-----+--------+
         Total |   4945 |   4851 |     94 |    165 |   3447 |   6 |  824.2 |
       Dungeon |   3990 |   3902 |     88 |    165 |   2677 |   4 |  997.5 |
        Temple |    145 |    139 |      6 |      0 |    131 |   1 |  145.0 |
         Sewer |    809 |    809 |      0 |      0 |    638 |   1 |  809.0 |
               +--------+--------+--------+--------+--------+-----+--------+

Top non-repeatable levels by time:
     D:3: 1236 daAuts
     D:2: 1208 daAuts
     D:4: 815 daAuts
   Sewer: 809 daAuts
     D:1: 729 daAuts
  Temple: 145 daAuts
